AoeStats
← AiM | Facu1414

African Clearing

506031938Analyzed
4v4 RM · 19d ago on Sep 12, 2026· 28m 1s· 8 players
Game mode
Random Map
Map size
Large (8 player)
Population
200
Speed
Normal
Resources
Standard
Victory
Conquest
Starting age
Dark Age
Ending age
Imperial Age
RankedLock teamsTeams togetherTeam positionsShared explorationLock speedFull tech treeHidden civsTurbo modeCheats
Victory
Defeat
🇲🇽 Vietnamese · Mexico
1574
+16
🇦🇷 Khitans · Argentina
1570
+16
🇨🇱 Huns · Chile
1541
+17
🇦🇷 Cumans · Argentina
1535
+18
🇺🇸 Mongols · United States
1633
-20
🇨🇳 Teutons · China
1581
-17
🇦🇺 Mapuche · Australia
1580
-17
🇧🇷 Tatars · Brazil
1491
-13
scoop
10:50 Feudal Age
12:32 Loom
12:39 Double-Bit Axe
14:35 Horse Collar
21:27 Castle Age
20:14 Fletching
21:11 Bloodlines
24:50 Bodkin Arrow
26:22 Padded Archer Armor
苏东坡的粉丝
5:01 Loom
12:59 Feudal Age
19:42 Fletching
Mr. M
5:47 Loom
13:23 Feudal Age
17:41 Castle Age
15:38 Double-Bit Axe
16:16 Horse Collar
17:13 Fletching
18:22 Bodkin Arrow
26:13 Ballistics
politeOil
13:14 Feudal Age
16:16 Loom
19:27 Castle Age
18:39 Fletching
19:42 Fishing Lines
20:07 Double-Bit Axe
22:58 Bodkin Arrow
26:31 Padded Archer Armor
AiM | PoRRo
10:20 Loom
13:47 Feudal Age
17:34 Castle Age
15:52 Double-Bit Axe
16:27 Fletching
19:42 Husbandry
20:48 Bodkin Arrow
23:01 Ballistics
24:27 Padded Archer Armor
27:03 Bloodlines
AiM | Facu1414
9:54 Loom
11:55 Feudal Age
12:54 Double-Bit Axe
14:48 Horse Collar
22:19 Scale Barding Armor
23:22 Bloodlines
23:24 Forging
25:34 Wheelbarrow
29:29 Castle Age
27:26 Fletching
27:36 Padded Archer Armor
AIM | Agua cate 98
4:25 Loom
12:04 Feudal Age
12:36 Double-Bit Axe
15:37 Forging
15:32 Town Watch
22:21 Wheelbarrow
22:24 Domestication
25:53 Castle Age
26:20 Light Cavalry
27:07 Scale Barding Armor
27:38 Iron Casting
26:51 Gambesons
27:39 Husbandry
AiM | Fubuki Sinri
6:10 Loom
12:38 Feudal Age
16:03 Fletching
26:05 Horse Collar
26:15 Double-Bit Axe
Connection lost

Rejoining the realm…

Still unreachable

The connection could not be restored.

Session expired

The server has moved on; the page needs a fresh start.